 Dungeon Crawl Stone Soup version 0.25-a0-59-gf342c8b036 (webtiles) character file.

Game seed: 6230648730555382099, levelgen mode: deterministic

38 Roikka the Conjurer (level 3, -4/24 HPs)
             Began as a Human Conjurer on Oct 28, 2019.
             Slain by a gnoll
             ... wielding a +0 flail
              (10 damage)
             ... on level 2 of the Dungeon.
             The game lasted 00:07:05 (1672 turns).

Roikka the Conjurer (Human Conjurer)                Turns: 1672, Time: 00:07:06

Health: -4/24      AC:  2    Str:  8    XL:     3   Next: 65%
Magic:  2/6        EV: 13    Int: 16    God:
Gold:   83         SH:  0    Dex: 13    Spells: 1/7 levels left

rFire    . . .     SeeInvis .   b - +0 club
rCold    . . .     Gourm    .   (no shield)
rNeg     . . .     Faith    .   a - +0 robe
rPois    .         Spirit   .   (no helmet)
rElec    .         Reflect  .   (no cloak)
rCorr    .         Harm     .   (no gloves)
MR       .....                  (no boots)
Stlth    ++........             (no amulet)
HPRegen  0.08/turn              (no ring)
MPRegen  0.10/turn              (no ring)

@: no status effects
A: no striking features
a: no special abilities


You were on level 2 of the Dungeon.
You were very hungry.

You visited 1 branch of the dungeon, and saw 2 of its levels.

You collected 83 gold pieces.

Inventory:

Hand Weapons
 b - a +0 club (weapon)
 h - a +1 trident of protection
Armour
 a - a +0 robe (worn)
Scrolls
 e - a scroll of blinking {unknown}
 f - a scroll of identify {unknown}
Potions
 d - a potion of heal wounds {unknown}
 g - a potion of agility {unknown}
Comestibles
 c - 6 rations


   Skills:
 + Level 2.4 Dodging
 - Level 2.0 Stealth
 + Level 2.6 Spellcasting
 + Level 4.4 Conjurations
 + Level 0.4 Hexes


You had one spell level left.
You knew the following spells:

 Your Spells              Type           Power        Failure   Level  Hunger
a - Magic Dart            Conj           ###.         3%          1    #......
b - Searing Ray           Conj           ###...       4%          2    ##.....
c - Dazzling Spray        Conj/Hex       #.....       22%         3    ###....

Your spell library contained the following spells:

 Spells                   Type           Power        Failure   Level  Hunger
 Iskenderun's Mystic Bla  Conj           ###.....     32%         4    #####..
 Fulminant Prism          Conj/Hex       #.........   58%         4    #####..
 Force Lance              Conj/Tloc      #.......     61%         4    #####..


Dungeon Overview and Level Annotations

Branches:
Dungeon (2/15)

Altars:

Annotations:
D:2 Robin


Message History

The gnoll hits you with a +0 flail!
* * * LOW HITPOINT WARNING * * *
Casting: Magic Dart (safe; 3% risk of failure)
Confirm with . or Enter, or press ? or * to list all spells.
Aiming: Magic Dart (safe; 3% risk of failure)
Press: ? - help, Shift-Dir - straight line, f/p - gnoll
Aim: a gnoll, wielding a +0 flail (moderately wounded)
The magic dart hits the gnoll.
The gnoll is severely wounded.
The gnoll hits you with a +0 flail.
* * * LOW HITPOINT WARNING * * *
Casting: Magic Dart (safe; 3% risk of failure)
Confirm with . or Enter, or press ? or * to list all spells.
Aiming: Magic Dart (safe; 3% risk of failure)
Press: ? - help, Shift-Dir - straight line, f/p - gnoll
Aim: a gnoll, wielding a +0 flail (severely wounded)
The magic dart hits the gnoll but does no damage.
The gnoll is severely wounded.
The gnoll hits you with a +0 flail!
You die...

##.#........#.#..######
##.....................
.............####..#..
###.###.....## #..#.#
###.###.....#####..#.###.#
.........................
##..###.....####.....####
........................#
...#####.###@##.....##.######
. #.# #g###.#........... #.#
#.# #.#.###.###### #.# #.#
#.#.# #.# #.# #.# #.#.# #.#
)# #.# #...# #.# #.# ##..#
#.# #.# #..# #.# ggg.....#


You could see a gnoll.

Vanquished Creatures
  A gnoll (D:1)
  A dart slug (D:1)
  3 leopard geckos (D:1)
  2 giant cockroaches (D:1)
  6 goblins
  2 hobgoblins
  3 kobolds (D:1)
  A ball python (D:1)
  A bat (D:1)
  A frilled lizard (D:1)
  2 rats
23 creatures vanquished.

Notes
Turn   | Place    | Note
-------+----------+-------------------------------------------
     0 | D:1      | Roikka the Human Conjurer began the quest for the Orb.
     0 | D:1      | Reached XP level 1. HP: 13/13 MP: 3/3
   109 | D:1      | Reached XP level 2. HP: 18/19 MP: 0/5
   157 | D:1      | Learned a level 2 spell: Searing Ray
  1079 | D:1      | Reached XP level 3. HP: 20/24 MP: 2/6
  1352 | D:1      | Learned a level 3 spell: Dazzling Spray
  1370 | D:2      | Noticed Robin
  1672 | D:2      | Slain by a gnoll

Levels and vault maps discovered:
D:1:      lordsloth_arrival_two_stooges, layout_basic
D:2:      layout_loops_ring, uniq_robin, uniq_terence

Action                   || total
-------------------------++-------
Melee: Club              ||    13
 Cast: Magic Dart        ||    62
  Eat: Chunk             ||     2
Armor: Robe              ||     2
Dodge: Dodged            ||    28

Table legend:
 A = Non-vault XP
 B = Vault XP
 C = Vault XP percentage of total XP
 D = Non-vault monster count
 E = Vault monster count
 F = Vault count percentage of total count
                 A         B        C        D         E       F
            +---------+---------+-------+---------+---------+-------
      Total |      48 |       7 |  12.7 |      19 |       4 |  17.4
            +---------+---------+-------+---------+---------+-------
        D:1 |      47 |       2 |   4.1 |      18 |       1 |   5.3
        D:2 |       1 |       5 |  83.3 |       1 |       3 |  75.0
            +---------+---------+-------+---------+---------+-------
